 Dungeon Crawl Stone Soup version 0.22.1-1-ga44c0e5 (webtiles) character file.

1746 Fang the Chopper (level 9, 0/55 HPs)
             Began as a Gargoyle Berserker on Sept 20, 2018.
             Was an Elder of Trog.
             Slain by a two-headed ogre
             ... wielding a +0 giant spiked club
              (11 damage)
             ... on level 8 of the Dungeon.
             The game lasted 00:06:52 (6653 turns).

Fang the Chopper (Gargoyle Berserker)               Turns: 6653, Time: 00:06:52

Health: 0/55       AC:  8    Str: 24    XL:     9   Next: 6%
Magic:  0/9        EV: 12    Int:  8    God:    Trog [****..]
Gold:   376        SH:  0    Dex:  6    Spells: 8/8 levels left

rFire    + . .     SeeInvis .   t - +1 hand axe (flame)
rCold    . . .     Gourm    .   (no shield)
rNeg     + + +     Faith    .   b - +0 animal skin
rPois    ∞         Spirit   +   (no helmet)
rElec    +         Reflect  .   (no cloak)
rCorr    .         Harm     .   (no gloves)
MR       ++...                  (no boots)
Stlth    ++........             e - amulet of guardian spirit
HPRegen  0.18/turn              w - ring "Jatsail" {+Fly rF+ rN++ MR+ Dex-3}
MPRegen  0.11/turn              n - ring of protection from magic

@: berserk cooldown, slowed, very slow
A: negative energy resistance 1, electricity resistance, unbreathing,
petrification resistance, rot immunity, AC +6
a: Berserk, Trog's Hand, Brothers in Arms, Renounce Religion, Evoke Flight


You were on level 8 of the Dungeon.
You worshipped Trog.
Trog was greatly pleased with you.
You were not hungry.

You visited 2 branches of the dungeon, and saw 9 of its levels.

You collected 376 gold pieces.

Inventory:

Hand Weapons
 a - a +0 hand axe
 t - a +1 hand axe of flaming (weapon)
Armour
 b - a +0 animal skin (worn)
Jewellery
 e - an amulet of guardian spirit (around neck)
 n - a ring of protection from magic (right hand)
 u - an uncursed ring of ice
 w - the ring "Jatsail" (left hand) {+Fly rF+ rN++ MR+ Dex-3}
   (You found it on level 5 of the Dungeon)

   [ring of protection from magic]

   It affects your dexterity (-3).
   It protects you from fire.
   It greatly protects you from negative energy.
   It affects your resistance to hostile enchantments.
   It lets you fly.
 B - a +2 amulet of reflection
Wands
 r - a wand of digging (11)
 x - a wand of paralysis (9)
 E - a wand of iceblast (10)
Scrolls
 d - 3 scrolls of amnesia {unknown}
 h - 2 scrolls of teleportation {unknown}
 i - 2 scrolls of blinking {unknown}
 m - 9 scrolls of identify {unknown}
 o - a scroll of enchant armour {unknown}
 q - 3 scrolls of remove curse {unknown}
 y - a scroll of silence {unknown}
 C - a scroll of enchant weapon {unknown}
 D - a scroll of immolation {unknown}
Potions
 f - 5 potions of curing {unknown}
 g - a potion of might {unknown}
 j - 2 potions of lignification {unknown}
 k - a potion of berserk rage {unknown}
 l - a potion of invisibility {unknown}
 p - a potion of ambrosia {unknown}
 s - a potion of cancellation {unknown}
 v - a potion of degeneration {unknown}
 z - 2 potions of flight {unknown}
 A - 2 potions of brilliance {unknown}
Comestibles
 c - 12 rations


   Skills:
 + Level 6.1 Fighting
 + Level 7.8 Axes
 + Level 2.3 Armour
 + Level 4.7 Dodging
 + Level 3.6 Stealth


You had 8 spell levels left.
You didn't know any spells.
Your spell library was empty.

Dungeon Overview and Level Annotations

Branches:
Dungeon (8/15)             Temple (1/1) D:6
   Lair: D:8-11

Altars:
Fedhas
Trog
Uskayaw
Wu Jian


Innate Abilities, Weirdness & Mutations

You are resistant to torment.
Your stone body is resilient. (AC +6)
You are immune to poison.
You resist negative energy. (rN+)
You are resistant to electric shocks. (rElec)
You can survive without breathing.
You are immune to petrification.
You are immune to rotting.


Message History

The two-headed ogre barely misses you.
The two-headed ogre hits you with a dire flail.
You hit the two-headed ogre. You burn the two-headed ogre.
The two-headed ogre is severely wounded.
You barely miss the two-headed ogre.
The two-headed ogre is severely wounded.
The two-headed ogre hits you with a giant spiked club!!
* * * LOW HITPOINT WARNING * * *
The two-headed ogre barely misses you.
You hit the two-headed ogre. You burn the two-headed ogre.
The two-headed ogre is severely wounded.
You slash the two-headed ogre! You burn the two-headed ogre.
The two-headed ogre is almost dead.
You are no longer berserk.
You are exhausted.
You feel yourself slow down.
The two-headed ogre hits you with a giant spiked club.
* * * LOW HITPOINT WARNING * * *
The two-headed ogre hits you with a dire flail!
You die...

..........#...#
.......>..#...#
.........'...#
#......#...#
#......#...#
#......#...#
#%.....#...#
########......#...#
#.....O@......#...#
#.............+...#
#........h....#...+
#.............#
#.............#
##############$. ..


You could see a two-headed ogre and a hound.

Vanquished Creatures
  A hippogriff (D:7)
  2 sky beasts
  A necrophage (D:6)
  A centaur (D:5)
  3 ogres
  A big kobold (D:8)
  3 howler monkeys (D:7)
  A crimson imp (D:6)
  A bullfrog zombie (D:5)
  A hound (D:7)
  An orc priest (D:7)
  Ijyb (D:3)
  5 orc wizards
  8 worker ants
  A hound skeleton (D:4)
  16 adders
  A shadow imp (D:5)
  An ooze (D:3)
  An adder skeleton (D:4)
  A worm (D:4)
  4 dart slugs
  9 leopard geckos
  8 orcs
  A ball python (D:2)
  4 giant cockroaches
  19 goblins
  5 hobgoblins
  13 jackals
  9 kobolds
  6 quokkas
  9 bats
  8 frilled lizards
  3 rats
149 creatures vanquished.

Notes
Turn   | Place    | Note
-------+----------+-------------------------------------------
     0 | D:1      | Fang the Gargoyle Berserker began the quest for the Orb.
     0 | D:1      | Reached XP level 1. HP: 14/14 MP: 1/1
    75 | D:1      | Reached skill level 3 in Axes
    75 | D:1      | Reached XP level 2. HP: 14/19 MP: 2/2
   548 | D:1      | Reached XP level 3. HP: 17/24 MP: 3/3
  1086 | D:2      | Found a hide-covered altar of Uskayaw.
  1151 | D:2      | Reached ** piety under Trog
  1151 | D:2      | Reached XP level 4. HP: 25/29 MP: 2/4
  1280 | D:2      | Reached skill level 4 in Axes
  1671 | D:2      | Reached skill level 1 in Stealth
  1927 | D:3      | Reached XP level 5. HP: 33/33 MP: 5/5
  2413 | D:3      | Reached *** piety under Trog
  2515 | D:3      | Noticed Ijyb
  2548 | D:3      | Killed Ijyb
  2888 | D:4      | Reached XP level 6. HP: 26/38 MP: 6/6
  3093 | D:4      | Reached skill level 5 in Axes
  3939 | D:5      | Entered Level 5 of the Dungeon
  3973 | D:5      | Reached XP level 7. HP: 40/44 MP: 5/7
  4153 | D:5      | Got a brightly glowing iron ring
  4155 | D:5      | Identified the ring "Jatsail" {+Fly rF+ rN++ MR+ Dex-3}
                  | (You found it on level 5 of the Dungeon)
  4736 | D:5      | Reached skill level 5 in Fighting
  4871 | D:5      | Reached skill level 6 in Axes
  5220 | D:6      | Reached XP level 8. HP: 34/49 MP: 6/8
  5493 | D:6      | Found a staircase to the Ecumenical Temple.
  5527 | Temple   | Entered the Ecumenical Temple
  6008 | D:7      | Reached **** piety under Trog
  6031 | D:7      | Reached skill level 7 in Axes
  6359 | D:7      | Noticed a hippogriff
  6370 | D:7      | Killed a hippogriff
  6370 | D:7      | Reached XP level 9. HP: 55/55 MP: 7/9
  6576 | D:8      | Found a bloodstained altar of Trog.
  6577 | D:8      | Found a blossoming altar of Fedhas.
  6604 | D:8      | Found an ornate altar of the Wu Jian Council.
  6637 | D:8      | Noticed a two-headed ogre
  6653 | D:8      | Slain by a two-headed ogre

Skill      XL: |  1  2  3  4  5  6  7  8 |
---------------+-------------------------+-----
Axes           | 3 4 5 6 7 |  7.8
Dodging        | 2 3 4 |  4.7
Stealth        | 1 2 3 |  3.6
Fighting       | 4 5 6 |  6.1
Armour         | |  2.3

Action                   |  1- 3 |  4- 6 |  7- 9 || total
-------------------------+-------+-------+-------++-------
Melee: Hand axe          |    98 |   303 |   200 ||   601
Invok: Berserk           |     1 |     1 |     4 ||     6
 Stab: Sleeping          |       |     3 |     1 ||     4
  Eat: Chunk             |     2 |    10 |     9 ||    21
       Ration            |       |       |     1 ||     1
Armor: Animal skin       |    24 |   101 |    60 ||   185
Dodge: Dodged            |    81 |   218 |   107 ||   406
